 Dungeon Crawl Stone Soup version 0.23.0 (webtiles) character file.

Game seed: 11800484220626778787

61 wolfsongas the Shooter (level 4, -11/38 HPs)
             Began as a Gnoll Wanderer on Feb 17, 2019.
             Mangled by a wight
             ... wielding a +6 battleaxe
              (13 damage)
             ... on level 2 of the Dungeon.
             The game lasted 00:02:36 (1100 turns).

wolfsongas the Shooter (Gnoll Wanderer)             Turns: 1100, Time: 00:02:36

Health: -11/38     AC:  8    Str: 14 (15) XL:     4   Next: 7%
Magic:  6/6        EV: 11    Int: 14 (15) God:
Gold:   97         SH:  6    Dex: 11 (14) Spells: 5/5 levels left

rFire    . . .     SeeInvis .   f - +0 dagger
rCold    . . .     Gourm    .   (no shield)
rNeg     . . .     Faith    .   h - +0 ring mail
rPois    .         Spirit   .   (no helmet)
rElec    .         Reflect  .   (no cloak)
rCorr    .         Harm     .   i - +0 pair of gloves
MR       .....                  k - +1 pair of boots
Stlth    ++........             (no amulet)
HPRegen  0.12/turn              (no ring)
MPRegen  0.10/turn              (no ring)

@: lightly drained
A: distributed training, fangs 1, large bone plates 2, strong nose
a: no special abilities


You were on level 2 of the Dungeon.
You were not hungry.

You visited 1 branch of the dungeon, and saw 2 of its levels.

You collected 97 gold pieces.

Inventory:

Hand Weapons
 a - a +2 shortbow
 f - a +0 dagger (weapon)
Missiles
 b - 67 arrows
 j - 91 stones (quivered)
Armour
 d - a +0 shield
 h - a +0 ring mail (worn)
 i - a +0 pair of gloves (worn)
 k - a +1 pair of boots (worn)
Scrolls
 c - a scroll of teleportation
 e - a scroll of fog {unknown}
 o - a scroll of amnesia {unknown}
 p - a scroll of remove curse {unknown}
Comestibles
 g - 4 rations


   Skills:
 + Level 4.6(4.2) Fighting
 + Level 1.0(0.7) Short Blades
 + Level 2.7(2.3) Long Blades
 + Level 1.0(0.7) Axes
 + Level 1.0(0.7) Maces & Flails
 + Level 1.0(0.7) Polearms
 + Level 1.0(0.7) Staves
 + Level 1.0(0.7) Slings
 + Level 4.6(4.2) Bows
 + Level 1.0(0.7) Crossbows
 + Level 1.0(0.7) Throwing
 + Level 1.0(0.7) Armour
 + Level 2.7(2.3) Dodging
 + Level 4.2(3.8) Stealth
 + Level 2.7(2.3) Shields
 + Level 1.0(0.7) Unarmed Combat
 + Level 1.0(0.7) Spellcasting
 + Level 0.7(0.4) Conjurations
 + Level 0.7(0.4) Hexes
 + Level 0.7(0.4) Charms
 + Level 0.7(0.4) Summonings
 + Level 0.7(0.4) Necromancy
 + Level 0.7(0.4) Translocations
 + Level 0.7(0.4) Transmutations
 + Level 0.7(0.4) Fire Magic
 + Level 0.7(0.4) Ice Magic
 + Level 0.7(0.4) Air Magic
 + Level 0.7(0.4) Earth Magic
 + Level 0.7(0.4) Poison Magic
 + Level 1.1(0.8) Invocations
 + Level 2.7(2.3) Evocations


You had 5 spell levels left.
You didn't know any spells.
Your spell library was empty.

Dungeon Overview and Level Annotations

Branches:
Dungeon (2/15)

Altars:


Innate Abilities, Weirdness & Mutations

Your experience applies equally to all skills.
You have very sharp teeth.
Your uncanny sense of smell can sniff out nearby items.
You are mostly covered in large bone plates. (SH +6)


Message History

The wight is severely damaged.
You feel better. You block the wight's attack.
It was a potion of degeneration.
There was something very wrong with that liquid.
You feel weakened.
You feel dopey.
You feel clumsy. The wight hits you with a +6 battleaxe.
* * * LOW HITPOINT WARNING * * *
You closely miss the wight. You bite the wight.
The wight is almost destroyed.
The wight hits you with a +6 battleaxe.
* * * LOW HITPOINT WARNING * * *
You hit the wight but do no damage.
The wight is almost destroyed.
Your ring mail prevents you from hitting the wight.
The wight is almost destroyed.
You block the wight's attack.
You hit the wight but do no damage.
The wight is almost destroyed.
The wight hits you with a +6 battleaxe!
You die...

.... #.# #..#
###.####### ## #..#
#.........#
..##..###.........#
..+....##.........#
...###.##.........#
##.....##.........#
#......#.........#
#......#.......@.#
#..###.........z.#
#.## ##.##+####(##
#.# #..#.# #.# ##.#
##.#.# #.# ...#
#.#.# #.# ..##
#...# #.# #.# ##..#
#.# #.# #..# ...


You could see a wight.

Vanquished Creatures
  2 adders (D:2)
  3 dart slugs (D:1)
  A leopard gecko (D:1)
  A ball python (D:1)
  4 bats
  5 giant cockroaches
  6 goblins
  3 hobgoblins (D:1)
  2 kobolds (D:1)
  3 frilled lizards
  5 rats
35 creatures vanquished.

Notes
Turn   | Place    | Note
-------+----------+-------------------------------------------
     0 | D:1      | wolfsongas the Gnoll Wanderer began the quest for the Orb.
     0 | D:1      | wolfsongas set off with the following items: a +2 shortbow,
                  | 26 arrows, a scroll of teleportation, a +0 shield, a +0
                  | robe, a +0 dagger, a ration
     0 | D:1      | Reached XP level 1. HP: 20/20 MP: 2/2
    27 | D:1      | Reached XP level 2. HP: 26/26 MP: 3/3
   326 | D:1      | Reached XP level 3. HP: 31/31 MP: 4/4
   562 | D:1      | Gained mutation: You are partially covered in large bone
                  | plates. (SH +4) [potion of mutation]
   562 | D:1      | Gained mutation: You are mostly covered in large bone
                  | plates. (SH +6) [potion of mutation]
   736 | D:2      | Reached skill level 1 in Invocations
  1052 | D:2      | Reached skill level 1 in Short Blades
  1052 | D:2      | Reached skill level 1 in Axes
  1052 | D:2      | Reached skill level 1 in Maces & Flails
  1052 | D:2      | Reached skill level 1 in Polearms
  1052 | D:2      | Reached skill level 1 in Staves
  1052 | D:2      | Reached skill level 1 in Slings
  1052 | D:2      | Reached skill level 1 in Crossbows
  1052 | D:2      | Reached skill level 1 in Throwing
  1052 | D:2      | Reached skill level 1 in Armour
  1052 | D:2      | Reached skill level 1 in Unarmed Combat
  1052 | D:2      | Reached skill level 1 in Spellcasting
  1052 | D:2      | Reached XP level 4. HP: 38/38 MP: 4/6
  1100 | D:2      | Mangled by a wight

Skill      XL: |  1  2  3 |
---------------+----------+-----
Invocations    | 1 |  1.1
Short Blades   | 1 |  1.0
Axes           | 1 |  1.0
Maces & Flails | 1 |  1.0
Polearms       | 1 |  1.0
Staves         | 1 |  1.0
Slings         | 1 |  1.0
Crossbows      | 1 |  1.0
Throwing       | 1 |  1.0
Armour         | 1 |  1.0
Unarmed Combat | 1 |  1.0
Spellcasting   | 1 |  1.0
Fighting       | |  4.6
Long Blades    | |  2.7
Bows           | |  4.6
Dodging        | |  2.7
Stealth        | |  4.2
Shields        | |  2.7
Conjurations   | |  0.7
Hexes          | |  0.7
Charms         | |  0.7
Summonings     | |  0.7
Necromancy     | |  0.7
Translocations | |  0.7
Transmutations | |  0.7
Fire Magic     | |  0.7
Ice Magic      | |  0.7
Air Magic      | |  0.7
Earth Magic    | |  0.7
Poison Magic   | |  0.7
Evocations     | |  2.7

Action                   |  1- 3 |  4- 6 || total
-------------------------+-------+-------++-------
Melee: Dagger            |     4 |    15 ||    19
       Bite              |     1 |     1 ||     2
 Fire: Shortbow          |    70 |     7 ||    77
  Use: Scroll            |     5 |       ||     5
       Potion            |     1 |     2 ||     3
Armor: Ring mail         |     5 |     1 ||     6
Dodge: Dodged            |     7 |     4 ||    11
Block: Other             |     4 |     3 ||     7
